 Dungeon Crawl Stone Soup version 0.30-a0-424-g7412bad402 (webtiles) character file.

Game seed: 13979323853125972692

203113 SACREDBELIEVER the Tortoise (level 19, -6/159 (161) HPs)
             Began as a Formicid Fighter on Dec 10, 2022.
             Was the Champion of Okawaru.
             Shot with a sling bullet by a merfolk (10 damage)
             ... on level 4 of the Shoals.
             The game lasted 01:30:44 (33430 turns).

SACREDBELIEVER the Tortoise (Formicid Fighter)     Turns: 33430, Time: 01:30:45

HP:   -6/159 (161)  AC: 38    Str: 36    XL:     19   Next: 31%
MP:   28/28         EV:  8    Int:  3    God:    Okawaru [******]
Gold: 1198          SH:  0    Dex: 19    Spells: 12/18 levels left

rFire   + . .      SeeInvis +    w - +7 giant spiked club "Cepn" {vorpal, rCorr Str+3 Int-5 Dex+3}
rCold   + + +      Faith    .    (shield currently unavailable)
rNeg    + . .      Spirit   .    p - +6 crystal plate armour of Bafahent {rElec Will+ Int+4}
rPois   +          Reflect  .    (helmet unavailable)
rElec   +          Harm     .    O - +0 cloak "Newunamp" {rC+++ Int-5 Dex-3 Slay+2}
rCorr   +          Rampage  .    A - +0 pair of gloves {Str+3}
Will    +++..                    o - +2 pair of boots of the Blessed Realm {rN+ Stlth+}
Stlth   ..........               F - amulet of regeneration
HPRegen 1.26/turn                t - +6 ring of strength
MPRegen 0.21/turn                z - ring "Asadyo" {rPois rF+ Will+ Str-4 Dex+6}

@: finesse-ful, lightly drained, unable to read, very slow
A: permanent stasis, dig shafts and tunnels, antennae 3, four strong arms,
hooves 1, inability to read after injury 2
}: 1/15 runes: gossamer
a: Dig, Shaft Self, Renounce Religion, Heroism, Finesse, Duel


You were on level 4 of the Shoals.
You worshipped Okawaru.
Okawaru was exalted by your worship.
You visited 5 branches of the dungeon, and saw 30 of its levels.
You also visited: Bailey.

You collected 3234 gold pieces.
You spent 2036 gold pieces at shops.

Inventory:

Hand Weapons
 w - the +7 giant spiked club "Cepn" (weapon) {vorpal, rCorr Str+3 Int-5 Dex+3}
   (Okawaru gifted it to you on level 4 of the Shoals)

   It inflicts extra damage upon your enemies.
   Str:       It affects your strength (+3).
   Int:       It affects your intelligence (-5).
   Dex:       It affects your dexterity (+3).
   rCorr:     It protects you from acid and corrosion.
Missiles
 Z - 9 throwing nets
Armour
 o - the +2 pair of boots of the Blessed Realm (worn) {rN+ Stlth+}
   (You acquired it on level 3 of the Shoals)

   rN:        It protects you from negative energy.
   Stlth:     It makes you more stealthy.
 p - the +6 crystal plate armour of Bafahent (worn) {rElec Will+ Int+4}
   (Okawaru gifted it to you on level 5 of the Lair of Beasts)

   Int:       It affects your intelligence (+4).
   rElec:     It insulates you from electricity.
   Will:      It increases your willpower.
 A - a +0 pair of gloves of strength (worn)
 O - the +0 cloak "Newunamp" (worn) {rC+++ Int-5 Dex-3 Slay+2}
   (Okawaru gifted it to you on level 13 of the Dungeon)

   Int:       It affects your intelligence (-5).
   Dex:       It affects your dexterity (-3).
   Slay:      It affects your accuracy & damage with ranged weapons and melee
   (+2).
   rC:        It renders you almost immune to cold.
 R - the +2 tower shield of the Fife {+Blink +Inv rElec Int-5}
   (Okawaru gifted it to you on level 1 of the Lair of Beasts)

   Int:       It affects your intelligence (-5).
   rElec:     It insulates you from electricity.
   +Inv:      It lets you turn invisible.
   +Blink:    It lets you blink.
Jewellery
 g - a ring of magical power
 t - a +6 ring of strength (left hand)
 z - the ring "Asadyo" (right hand) {rPois rF+ Will+ Str-4 Dex+6}
   (You bought it in a shop on level 2 of the Orcish Mines)

   [ring of protection from fire]

   Str:       It affects your strength (-4).
   Dex:       It affects your dexterity (+6).
   rF:        It protects you from fire.
   rPois:     It protects you from poison.
   Will:      It increases your willpower.
 D - a ring of resist corrosion
 F - an amulet of regeneration (around neck)
Wands
 r - a wand of roots (12)
 E - a wand of mindburst (30)
 L - a wand of flame (46)
 S - a wand of acid (7)
 T - a wand of polymorph (5)
 U - a wand of digging (17)
 W - a wand of charming (3)
Scrolls
 c - 6 scrolls of brand weapon
 h - 8 scrolls of immolation
 i - 8 scrolls of noise
 n - 9 scrolls of enchant weapon
 q - 10 scrolls of poison
 s - 7 scrolls of amnesia
 y - 3 scrolls of summoning
 B - 3 scrolls of fear
 H - 2 scrolls of silence
 I - 6 scrolls of fog
 M - 3 scrolls of magic mapping
 N - a scroll of torment
 Q - a scroll of enchant armour
Potions
 a - 4 potions of invisibility
 b - 4 potions of magic
 d - 6 potions of might
 e - 4 potions of lignification
 j - 11 potions of heal wounds
 k - 8 potions of curing
 l - 9 potions of brilliance
 m - 6 potions of haste
 u - 4 potions of cancellation
 v - 2 potions of attraction
 x - 10 potions of ambrosia
 C - 2 potions of berserk rage
 G - 11 potions of mutation
 K - 5 potions of flight
 V - 8 potions of degeneration
 X - a potion of resistance
Miscellaneous
 f - a piece from Xom's chessboard (15/15)
 J - a lightning rod (1/4)
 P - a phantom mirror
 Y - a tin of tremorstones (inert)


   Skills:
 * Level 17.5 Fighting
 * Level 16.4 Maces & Flails
 * Level 17.6 Armour
 - Level 0.3 Dodging
 - Level 0.1 Stealth
 + Level 12.1 Shields
 + Level 8.2 Earth Magic
 + Level 13.0 Invocations
 + Level 12.3 Evocations


You had 12 spell levels left.
You knew the following spells:

 Your Spells              Type           Power      Damage    Failure   Level
a - Passwall              Tmut/Erth      1%         N/A       82%         2
b - Passage of Golubria   Tloc           0%         N/A       100%        4

Your spell library contained the following spells:

 Spells                   Type           Power      Damage    Failure   Level
 Magic Dart               Conj           0%         1d3       99%         1
 Cigotuvi's Dreadful Rot  Necr/Pois/Air  0%         N/A       100%        2
 Ensorcelled Hibernation  Hex/Ice        0%         N/A       100%        2
 Poisonous Vapours        Pois/Air       0%         N/A       100%        2
 Searing Ray              Conj           0%         2d4       100%        2
 Gell's Gravitas          Tloc           0%         N/A       100%        3
 Inner Flame              Hex/Fire       0%         N/A       100%        3
 Lesser Beckoning         Tloc           0%         N/A       100%        3
 Mephitic Cloud           Conj/Pois/Air  0%         N/A       100%        3
 Ozocubu's Armour         Ice            0%         N/A       100%        3
 Teleport Other           Tloc           0%         N/A       100%        3
 Cause Fear               Hex            0%         N/A       100%        4
 Fulminant Prism          Conj/Hex       0%         3d5       100%        4
 Freezing Cloud           Conj/Ice/Air   0%         6-21      100%        5
 Metabolic Englaciation   Hex/Ice        0%         N/A       100%        5
 Yara's Violent Unravell  Hex/Tmut       0%         3d3       100%        5
 Discord                  Hex            0%         N/A       100%        8
 Polar Vortex             Ice            0%         N/A       100%        9
 Swiftness                Air            Unusable   N/A       N/A         3
 Tukima's Dance           Hex            Unusable   N/A       N/A         3
 Simulacrum               Ice/Necr       Unusable   N/A       N/A         6

Dungeon Overview and Level Annotations

Branches:
Dungeon (15/15)            Temple (0/1) D:5            Lair (5/5) D:9
 Shoals (4/4) Lair:3       Spider (4/4) Lair:2        Slime (0/5) Lair:5
    Orc (2/2) D:9             Elf (0/3) Orc:2        Vaults (0/5) D:14
 Depths (0/4) D:15         Bailey (visited)

Altars:
Dithmenos
Elyvilon
Fedhas
Okawaru
Qazlal
Uskayaw
Jiyva

Shops:
D:2 ?   D:6 :   D:15 ?   Orc:1 [[*   Orc:2 [(=*   Shoals:3 *

Annotations:
Lair:3 exclusion: 4 oklob plants


Innate Abilities, Weirdness & Mutations

You cannot be hasted, slowed, berserked, paralysed or teleported.
You can dig through walls and to a lower floor.
You have a pair of large antennae on your head. (SInv)
Your four strong arms can wield two-handed weapons with a shield.
You have large cloven feet.
You sometimes lose the ability to read scrolls when taking damage.


Message History

The grasping roots constrict the water nymph!
The grasping roots constrict the merfolk!
The grasping roots constrict the merfolk siren!
The water nymph escapes!
The merfolk javelineer throws a javelin.
The javelin pierces through you but does no damage.
The merfolk siren chants a haunting song.
You resist with almost no effort.
The merfolk javelineer throws a silver javelin.
The silver javelin pierces through you but does no damage.
The silver sears you!
* * * LOW HITPOINT WARNING * * *
The merfolk shoots a sling bullet.
The sling bullet hits you but does no damage.
Unknown command.
Aiming: Fastroot
Press: ? - help, Shift-Dir - straight line, f - water nymph
Aim: a water nymph (moderately wounded)
The roots erupt in riotous growth!
Roots grab the water nymph.
The merfolk javelineer is unaffected.
The merfolk is unaffected.
The merfolk siren is unaffected.
The merfolk javelineer is unaffected.
You feel like a meek peon again.
The grasping roots constrict the merfolk javelineer!
The grasping roots constrict the merfolk javelineer.
The grasping roots constrict the water nymph!
The grasping roots constrict the merfolk.
The grasping roots constrict the merfolk siren!
The roots release their grip on the merfolk javelineer.
The water nymph struggles to escape constriction.
The merfolk javelineer throws a javelin.
The javelin pierces through you!!
* * * LOW HITPOINT WARNING * * *
The merfolk javelineer throws a silver javelin.
The silver javelin pierces through you.
* * * LOW HITPOINT WARNING * * *
The silver sears you!
* * * LOW HITPOINT WARNING * * *
The merfolk shoots a sling bullet.
The sling bullet hits you!
You die...

≈≈≈≈≈~~.....~~~≈≈≈≈≈≈~~.
≈≈≈≈≈~~.###.~~~≈≈≈≈≈≈~~~
≈≈≈≈≈≈~~.# #.~~~≈~~~~~~~.
≈≈≈≈≈≈≈≈~<###.~~~~~~~~)~~)
≈≈≈≈≈≈≈≈≈~...~~~~~)~^~~~~~)
≈≈≈≈≈≈≈≈≈≈≈~~~~)≈≈≈~....~~)~
≈≈≈≈≈≈≈≈≈≈≈≈≈≈≈≈≈≈≈≈~.##.~~~~
≈≈≈≈≈≈≈≈≈≈≈≈~~~~~≈≈≈≈~~.##.~~~
≈≈≈≈≈≈≈≈≈≈≈≈~~@~~~≈≈≈≈~~~...~~.
≈≈≈≈≈≈≈≈≈≈≈≈~~~~~~~~#####~~~()††
≈≈≈≈≈≈≈≈≈≈≈~m~~~~~~~##~~~##≈≈~~.#
≈≈≈≈≈≈≈≈≈≈~~mm~~~~~~#~~~~~#~~~†..
~≈≈≈≈≈≈≈≈≈~~mm..~~~~#~~~~~#~~~~.)
~≈≈≈≈≈≈≈≈~~~##'##~~~#~~~~~#~~~~~.
~~≈≈≈≈≈~~~~##~~.##~~##~~~##~~)~~~
~~~≈~~~~~~~#~~...#~~~##'##..~~))~
.~~~~~~~~~~#~~...#.~~~.......~)~~


You could see 2 merfolk javelineers, a merfolk (rooted), a merfolk siren
(rooted) and a water nymph (rooted).

Vanquished Creatures
  Jorgrun (D:14)
  Polyphemus (Shoals:2)
  Ilsuiw (Shoals:4)
  2 emperor scorpions
  A ghost moth (Spider:3)
  An orc warlord (Orc:2)
  A broodmother (Lair:2)
  A stone giant (D:15)
  Nessos (Lair:3)
  A spark wasp (Spider:4)
  Snorg (Orc:1)
  7 merfolk javelineers
  2 fire dragons
  6 merfolk impalers
  Josephine (D:13)
  9 entropy weavers
  5 vault guards (D:14)
  6 hydras
  2 ogre magi
  A merfolk avatar (Shoals:2)
  6 radroaches
  2 jorogumos
  5 centaur warriors
  10 boulder beetles
  4 merfolk aquamancers
  6 two-headed ogres
  A catoblepas (Shoals:2)
  2 tengu warriors (D:14)
  7 death yaks
  2 satyrs
  4 orc high priests
  A fire crab (D:9)
  Nergalle (Lair:3)
  8 sea snakes
  3 sun moths
  8 pharaoh ants
  8 steelbarb worms
  8 orb spiders
  A lindwurm (Lair:5)
  5 harpies (Shoals:1)
  A deep elf pyromancer (D:15)
  Pikel (D:8)
  6 orc knights
  11 ugly things (D:15)
  16 wolf spiders
  12 manticores
  5 orc sorcerers
  8 fauns
  A moth of wrath (Spider:1)
  4 cyclopes
  Maurice (D:9)
  5 elephants (Lair:3)
  7 black mambas
  A black mamba (shapeshifter) (D:15)
  A salamander (Lair:1)
  3 water nymphs
  Joseph (Lair:1)
  7 merfolk sirens
  4 molten gargoyles
  A gargoyle (D:14)
  6 torpor snails
  15 cane toads
  Maggie (D:7)
  4 rime drakes
  Psyche (D:12)
  4 unseen horrors
  5 demonic crawlers
  9 komodo dragons
  A kobold demonologist (D:10)
  A yaktaur (shapeshifter) (D:13)
  2 polar bears
  A polar bear (shapeshifter) (D:14)
  21 merfolk
  7 meliai
  A queen bee (Lair:3)
  20 blink frogs
  A troll (D:12)
  3 hornets (D:9)
  7 wind drakes
  19 tarantellas
  19 dream sheep
  14 slime creatures
  14 snapping turtles
  12 jumping spiders
  Sigmund (D:5)
  8 culicivoras
  5 water elementals
  11 wyverns
  52 yaks
  6 wraiths
  A shadow (D:9)
  2 vampires
  A fire elemental (Lair:1)
  8 basilisks
  73 redbacks
  8 vampire mosquitoes
  2 steam dragons
  Edmund (D:5)
  2 wargs
  Duvessa (D:7)
  11 water moccasins
  4 hell hounds (Lair:5)
  2 acid dragons
  2 sky beasts (D:7)
  45 orc warriors
  11 ogres
  A black bear (Lair:2)
  6 centaurs
  17 wolves
  A lemure (D:8)
  13 bullfrogs
  3 kobold brigands (D:9)
  A gnoll sergeant (D:9)
  5 necrophages
  Dowan (D:7)
  10 wights
  49 killer bees
  8 electric eels
  4 howler monkeys
  4 lava snakes (Lair:5)
  17 jellies
  10 orc priests
  3 hounds
  A bullfrog zombie (D:4)
  4 quasits
  Crazy Yiuf (D:5)
  5 iguanas
  Jessica (D:2)
  21 orc wizards
  6 hell rats
  A hound zombie (D:4)
  11 gnolls
  A river rat (Lair:3)
  5 adders
  7 shadow imps
  6 white imps
  3 ufetubi
  2 worms (D:4)
  72 orcs
  7 ball pythons
  10 endoplasms
  5 giant cockroaches
  15 goblins
  5 hobgoblins
  9 jackals
  16 kobolds
  5 quokkas
  7 bats
  5 frilled lizards
  10 rats
  A bush (D:4)
  2 tentacles (Shoals:3)
1081 creatures vanquished.

Vanquished Creatures (others)
  A kraken (Shoals:3)
  A merfolk javelineer (Shoals:4)
  A merfolk aquamancer (Shoals:4)
  A harpy (Shoals:4)
  4 demonic plants (D:8)
  44 fungi
  35 plants
  9 tentacles (Shoals:3)
96 creatures vanquished.

Grand Total: 1177 creatures vanquished

Notes
Turn   | Place    | Note
-------+----------+-------------------------------------------
     0 | D:1      | SACREDBELIEVER the Formicid Fighter began the quest for the
                  | Orb.
     0 | D:1      | Reached XP level 1. HP: 18/18 MP: 1/1
   140 | D:1      | Reached XP level 2. HP: 20/24 MP: 2/2
   379 | D:1      | Reached XP level 3. HP: 30/30 MP: 3/3
   833 | D:2      | Reached XP level 4. HP: 37/37 MP: 4/4
  1007 | D:2      | Found Xasasi's Magic Scroll Shop.
  1011 | D:2      | Bought a scroll of identify for 26 gold pieces
  1011 | D:2      | Bought a scroll of identify for 26 gold pieces
  1040 | D:2      | Noticed Jessica
  1055 | D:2      | Killed Jessica
  1761 | D:3      | Reached XP level 5. HP: 42/42 MP: 5/5
  2263 | D:4      | Reached XP level 6. HP: 39/48 MP: 6/6
  2709 | D:4      | Found an iron altar of Okawaru.
  2945 | D:4      | Found a blossoming altar of Fedhas.
  3011 | D:4      | Became a worshipper of Warmaster Okawaru
  3157 | D:4      | Reached skill level 5 in Armour
  3157 | D:4      | Reached skill level 1 in Evocations
  3157 | D:4      | Reached XP level 7. HP: 53/55 MP: 7/7
  3164 | D:4      | Reached skill level 5 in Fighting
  3164 | D:4      | Reached skill level 5 in Maces & Flails
  3269 | D:5      | Entered Level 5 of the Dungeon
  3272 | D:5      | Reached * piety under Okawaru
  3288 | D:5      | Noticed Edmund
  3308 | D:5      | HP: 2/56 [Edmund/+2 vorpal flail (3)]
  3311 | D:5      | Killed Edmund
  3312 | D:5      | Reached XP level 8. HP: 2/64 MP: 6/8
  3639 | D:5      | Identified the +2 chain mail of Narcissism {rN+ Int+3}
  3691 | D:5      | Noticed a two-headed ogre
  3698 | D:5      | Reached skill level 1 in Invocations
  3716 | D:5      | Noticed Sigmund
  3720 | D:5      | Killed Sigmund
  3766 | D:5      | Found a staircase to the Ecumenical Temple.
  3810 | D:5      | Found a runed translucent door.
  3811 | D:5      | Noticed Crazy Yiuf
  4037 | D:5      | Identified the +9 spear "Beetlebane" {holy, rC++}
  4156 | D:5      | Killed a two-headed ogre
  4156 | D:5      | Reached ** piety under Okawaru
  4157 | D:5      | Reached XP level 9. HP: 29/72 MP: 7/11
  4599 | D:5      | Killed Crazy Yiuf
  4632 | D:5      | Learned a level 2 spell: Passwall
  4637 | D:5      | Learned a level 4 spell: Passage of Golubria
  4739 | D:6      | Found Foarorry's Book Emporium.
  4871 | D:6      | Reached *** piety under Okawaru
  5593 | D:7      | Found a flagged portal.
  5632 | Bailey   | Entered a bailey
  6039 | D:7      | Reached XP level 10. HP: 78/80 MP: 11/13
  6067 | D:7      | You fall into a shaft and drop 3 floors!
  6067 | D:10     | Entered Level 10 of the Dungeon
  6324 | D:9      | Reached **** piety under Okawaru
  6618 | D:7      | Found a stormy altar of Qazlal.
  6618 | D:7      | Noticed Maggie
  6631 | D:7      | Killed Maggie
  6828 | D:7      | Reached skill level 5 in Evocations
  6845 | D:7      | Noticed Duvessa
  6846 | D:7      | Noticed Dowan
  6858 | D:7      | Killed Duvessa
  6865 | D:7      | Killed Dowan
  7200 | D:8      | Reached skill level 5 in Invocations
  7246 | D:8      | Reached ***** piety under Okawaru
  7333 | D:8      | Found a hide-covered altar of Uskayaw.
  7359 | D:8      | Found a shadowy altar of Dithmenos.
  7379 | D:8      | Noticed a two-headed ogre
  7400 | D:8      | Killed a two-headed ogre
  7401 | D:8      | Reached XP level 11. HP: 37/89 MP: 8/15
  7683 | D:8      | Noticed Pikel
  7695 | D:8      | Killed Pikel
  8212 | D:9      | Reached skill level 10 in Armour
  8682 | D:9      | Noticed a fire crab
  8696 | D:9      | Killed a fire crab
  8697 | D:9      | Reached skill level 10 in Fighting
  8910 | D:9      | Identified the +11 dagger of the Median {speed, Drain rF+
                  | Dex+3}
  8944 | D:9      | Received a gift from Okawaru
  8948 | D:9      | Found a staircase to the Orcish Mines.
  8995 | D:9      | Found a staircase to the Lair.
  9037 | D:9      | Identified the +5 ring mail "Ynisch" {rPois Int+5 Dex+3}
  9129 | D:9      | Received a gift from Okawaru
  9589 | D:9      | Noticed Maurice
  9608 | D:9      | Killed Maurice
  9609 | D:9      | Found a white marble altar of Elyvilon.
  9974 | D:10     | Reached skill level 10 in Maces & Flails
  9974 | D:10     | Reached XP level 12. HP: 88/99 MP: 15/17
 10218 | D:11     | Noticed a two-headed ogre
 10227 | D:11     | Killed a two-headed ogre
 10264 | D:11     | Noticed a boulder beetle
 10283 | D:11     | Killed a boulder beetle
 10820 | D:11     | Noticed a two-headed ogre
 10829 | D:11     | Killed a two-headed ogre
 11054 | Lair:1   | Entered Level 1 of the Lair of Beasts
 11233 | Lair:1   | Identified the +2 tower shield of the Fife {+Blink +Inv
                  | rElec Int-5} (Okawaru gifted it to you on level 1 of the
                  | Lair of Beasts)
 11233 | Lair:1   | Received a gift from Okawaru
 11237 | Lair:1   | Reached ****** piety under Okawaru
 11446 | Lair:1   | Noticed a fire dragon
 11480 | Lair:1   | Killed a fire dragon
 11692 | Lair:1   | Reached XP level 13. HP: 86/107 MP: 18/18
 11721 | Lair:1   | Noticed Joseph
 11734 | Lair:1   | Killed Joseph
 12463 | Lair:2   | Found a hole to the Spider Nest.
 12953 | Lair:2   | Noticed a four-headed hydra
 12958 | Lair:2   | Killed a four-headed hydra
 12967 | Lair:2   | Reached skill level 5 in Shields
 12983 | Lair:2   | Received a gift from Okawaru
 13742 | Lair:3   | Reached XP level 14. HP: 114/116 MP: 20/20
 13843 | Lair:3   | Received a gift from Okawaru
 13965 | Lair:3   | Noticed Nergalle
 13989 | Lair:3   | Killed Nergalle
 14146 | Lair:3   | Noticed Nessos
 14165 | Lair:3   | Killed Nessos
 14219 | Lair:3   | Found a staircase to the Shoals.
 15515 | Lair:5   | Entered Level 5 of the Lair of Beasts
 15533 | Lair:5   | Received a gift from Okawaru
 15837 | Lair:5   | Found a staircase to the Slime Pits.
 15837 | Lair:5   | Found a viscous altar of Jiyva.
 16013 | Lair:5   | Identified the +6 crystal plate armour of Bafahent {rElec
                  | Will+ Int+4} (Okawaru gifted it to you on level 5 of the
                  | Lair of Beasts)
 16013 | Lair:5   | Received a gift from Okawaru
 16185 | Lair:5   | Reached XP level 15. HP: 109/114 MP: 22/22
 16433 | Lair:5   | Reached skill level 10 in Invocations
 16895 | Lair:5   | Found a large runed translucent door.
 16895 | Lair:5   | Found a large runed translucent door.
 17388 | Orc:1    | Entered Level 1 of the Orcish Mines
 17388 | Orc:1    | Noticed Snorg
 17420 | Orc:1    | Killed Snorg
 17615 | Orc:1    | Found Nuetzuahu's Armour Shoppe.
 17814 | Orc:1    | Found Kemmiq's General Store.
 17823 | Orc:1    | Bought a wand of digging (5) for 315 gold pieces
 17929 | Orc:2    | Entered Level 2 of the Orcish Mines
 17929 | Orc:2    | Noticed an orc warlord
 17929 | Orc:2    | Found Fabioren's General Store.
 17943 | Orc:2    | Found a staircase to the Elven Halls.
 18048 | Orc:1    | Found Meenococ's Armour Emporium.
 18263 | Orc:2    | Found Ducwen's Antique Weapon Shop.
 18363 | Orc:2    | Identified the +8 flail "Yshrousaets" {flame, rC++}
                  | (Okawaru gifted it to you on level 2 of the Orcish Mines)
 18363 | Orc:2    | Received a gift from Okawaru
 18373 | Orc:2    | Killed an orc warlord
 18413 | Orc:2    | Reached skill level 1 in Earth Magic
 18446 | Orc:2    | Reached skill level 10 in Evocations
 18496 | Orc:2    | Gained mutation: You occasionally lose the ability to read
                  | scrolls when taking damage. [a neqoxec]
 18577 | Orc:2    | Bought a wand of flame (12) for 84 gold pieces
 18577 | Orc:2    | Bought a potion of flight for 30 gold pieces
 18577 | Orc:2    | Bought a scroll of identify for 20 gold pieces
 18577 | Orc:2    | Bought a potion of heal wounds for 50 gold pieces
 18577 | Orc:2    | Bought a scroll of immolation for 40 gold pieces
 18592 | Orc:2    | Found Iniyrum's Jewellery Shop.
 18605 | Orc:2    | Bought the ring "Asadyo" {rPois rF+ Will+ Str-4 Dex+6} for
                  | 690 gold pieces
 18750 | Orc:2    | Found Kinip's Antique Armour Shop.
 19089 | D:12     | Received a gift from Okawaru
 19165 | D:12     | Noticed Psyche
 19172 | D:12     | Killed Psyche
 19256 | D:12     | Reached skill level 15 in Armour
 19360 | D:12     | Reached XP level 16. HP: 121/134 MP: 24/24
 19864 | D:13     | Identified the +0 cloak "Newunamp" {rC+++ Int-5 Dex-3
                  | Slay+2} (Okawaru gifted it to you on level 13 of the
                  | Dungeon)
 19864 | D:13     | Received a gift from Okawaru
 20002 | D:13     | Reached skill level 15 in Fighting
 20432 | D:13     | Noticed Josephine
 20445 | D:13     | Killed Josephine
 21027 | D:14     | Noticed Jorgrun
 21035 | D:14     | Killed Jorgrun
 21537 | D:14     | Found a gate to the Vaults.
 21966 | D:15     | Entered Level 15 of the Dungeon
 21999 | D:15     | Found a staircase to the Depths.
 22388 | D:15     | Found Utacs's Magic Scroll Shop.
 22396 | D:15     | Bought a scroll of brand weapon for 133 gold pieces
 22396 | D:15     | Bought a scroll of fog for 56 gold pieces
 22396 | D:15     | Bought a scroll of poison for 56 gold pieces
 22467 | D:15     | Found an iron altar of Okawaru.
 22513 | D:15     | Identified the +5 eveningstar of Okawaru's Envy {vorpal,
                  | rF+ Str+3} (Okawaru gifted it to you on level 15 of the
                  | Dungeon)
 22513 | D:15     | Received a gift from Okawaru
 23090 | Spider:1 | Entered Level 1 of the Spider Nest
 23777 | Spider:1 | Reached skill level 10 in Shields
 23812 | Spider:1 | Reached XP level 17. HP: 103/143 MP: 25/25
 23968 | Spider:1 | Identified the +7 falchion "Jasog" {freeze, Int+4}
 24049 | Spider:1 | Reached skill level 5 in Earth Magic
 24700 | Spider:2 | Received a gift from Okawaru
 25080 | Spider:2 | Reached skill level 15 in Maces & Flails
 25507 | Spider:2 | Identified the +1 robe of Mental Paralysis {rElec rF+ Str-2
                  | Int+7}
 26822 | Spider:3 | Received a gift from Okawaru
 27402 | Spider:3 | Identified a scroll of acquirement
 27457 | Spider:4 | Entered Level 4 of the Spider Nest
 27632 | Spider:4 | Received a gift from Okawaru
 28087 | Spider:4 | Reached XP level 18. HP: 122/143 MP: 27/27
 28147 | Spider:4 | Identified the -2 cloak of Broken Taboos {Dex+2} (Okawaru
                  | gifted it to you on level 4 of the Spider Nest)
 28147 | Spider:4 | Received a gift from Okawaru
 28224 | Spider:4 | Gained mutation: You sometimes lose the ability to read
                  | scrolls when taking damage. [mutagenic glow]
 28332 | Spider:4 | Gained mutation: You have large cloven feet. [mutagenic
                  | glow]
 28418 | Spider:4 | Identified the +1 hat "Rinec" {rN+ rCorr}
 28422 | Spider:4 | Got a gossamer rune of Zot
 28633 | Spider:4 | Identified the +0 leather armour of Protective Custody
                  | {Fly}
 29043 | Shoals:1 | Entered Level 1 of the Shoals
 30531 | Shoals:2 | Received a gift from Okawaru
 31107 | Shoals:3 | Acquired the +2 pair of boots of the Blessed Realm {rN+
                  | Stlth+}
 31136 | Shoals:3 | Noticed a kraken
 31529 | Shoals:3 | Killed a kraken
 31588 | Shoals:3 | Noticed Polyphemus
 31716 | Shoals:2 | Killed Polyphemus
 32305 | Shoals:3 | Reached XP level 19. HP: 88/161 MP: 28/28
 32401 | Shoals:3 | Found Woute's Assorted Antiques.
 32409 | Shoals:3 | Bought a wand of flame (6) for 92 gold pieces
 32409 | Shoals:3 | Bought a potion of invisibility for 176 gold pieces
 32409 | Shoals:3 | Bought a wand of mindburst (5) for 154 gold pieces
 32409 | Shoals:3 | Bought a scroll of immolation for 88 gold pieces
 32876 | Shoals:4 | Entered Level 4 of the Shoals
 33070 | Shoals:4 | Noticed Ilsuiw
 33127 | Shoals:4 | Killed Ilsuiw
 33285 | Shoals:4 | Identified the +7 giant spiked club "Cepn" {vorpal, rCorr
                  | Str+3 Int-5 Dex+3} (Okawaru gifted it to you on level 4 of
                  | the Shoals)
 33285 | Shoals:4 | Received a gift from Okawaru
 33426 | Shoals:4 | HP: 6/158 [merfolk javelineer/silver javelin (4)]
 33430 | Shoals:4 | Shot with a sling bullet by a merfolk

Illustrated notes

Levels and vault maps discovered:
D:1:      minmay_arrival_nine_rooms, layout_basic
D:2:      layout_loops_ring, serial_shops, nicolae_shop_trees,
          corexii_corridor_pit, uniq_jessica
D:3:      layout_loops_ring, serial_glass, glass_columns_c, glass_columns_b
D:4:      cheibrodos_quashed, layout_basic, fedhas_altar_decomposition,
          mainiacjoe_overflow_brackets, st_stairs_8, hex_large
D:5:      minmay_clustersquares, layout_cave_pools, minmay_temple_entry_hall,
          uniq_crazy_yiuf_cottage, uniq_edmund, uniq_sigmund
D:6:      layout_basic, serial_shops, shop
D:7:      layout_loops_cross, mainiacjoe_overflow_catwalk, enter_bailey_3,
          uniq_maggie, uniq_duvessa
D:8:      layout_loops_ring, mainiacjoe_overflow_catch_the_wave, serial_demonic,
          serial_demonic_f, serial_demonic_b, serial_demonic_d,
          serial_demonic_a, serial_demonic_e, serial_demonic_f, uniq_pikel
D:9:      minmay_the_grid_plus [minmay_the_grid_diamond_grid,
          minmay_the_grid_outer_diamond, minmay_the_grid_minigrid_large,
          minmay_the_grid_spin_star, minmay_the_grid_prize_diamond_cup],
          layout_basic, mainiacjoe_overflow_cross_hatched, uniq_maurice
D:10:     layout_long_grid, serial_glass, glass_columns_c, glass_columns_c,
          chequers_decorated_corner
D:11:     layout_gridville
D:12:     minmay_angry_zag, layout_basic, feat_on_display, uniq_psyche
D:13:     layout_stronghold, uniq_josephine
D:14:     layout_gridville, grunt_vaults_entry_fortified, minmay_misc_feat_five,
          uniq_jorgrun
D:15:     grunt_enter_depths_giant_problem, layout_irregular_city, serial_shops,
          shop, lemuel_tele_altar
Lair:1:   dragon1_lemuel, layout_chaotic_city, uniq_joseph
Lair:2:   layout_loops_ring, spider_nest_entry_a, hangedman_lair_generics_rect
Lair:3:   hangedman_what_comes_after_a, layout_loops_ring,
          elwin_shoals_entry_stream, uniq_nessos, uniq_nergalle
Lair:4:   layout_roguey
Lair:5:   cheibrodos_lair_end_hotspot, layout_big_grid,
          minmay_slime_entry_jelly_boxes
Shoals:1: cheibrodos_shoals_roost, layout_shoals
Shoals:2: layout_shoals
Shoals:3: layout_shoals, serial_shops, nicolae_shop_statue_plus,
          nicolae_shoals_mertower, uniq_polyphemus
Shoals:4: shoals_end_simple, layout_shoals, shoal_ilsuiw
Spider:1: layout_spider_delve, spiders_nest_spider_trap
Spider:2: layout_spider_delve
Spider:3: layout_spider_delve, nicolae_spider_webs_and_nodes
Spider:4: hellmonk_spider_rune_bug_friends, hellmonk_test_site
Orc:1:    layout_caves, serial_shops, shop,
          nicolae_shop_temple_entry_statues_fountains, shop, uniq_snorg
Orc:2:    grunt_orc_gardens, layout_caves, grunt_orc_garden, grunt_orc_garden,
          grunt_orc_garden, grunt_orc_garden, mines4_lemuel

Skill      XL: |  1  2  3  4  5  6  7  8  9 10 11 12 13 14 15 16 17 18 19 |
---------------+----------------------------------------------------------+-----
Armour         | 4 5 7 8 9 10 11 13 14 15 16 17 | 17.6
Fighting       | 4 5 7 9 10 11 12 14 15 16 17 | 17.5
Maces & Flails | 3 4 5 6 7 8 10 11 12 13 14 15 16 | 16.4
Evocations     | 1 2 3 4 5 6 7 8 9 10 11 12 | 12.3
Invocations    | 2 4 5 6 7 8 9 10 11 12 13 | 13.0
Shields        | 5 7 8 10 11 12 | 12.1
Earth Magic    | 2 4 6 7 8 |  8.2
Dodging        | |  0.3
Stealth        | |  0.1

Action                   |  1- 3 |  4- 6 |  7- 9 | 10-12 | 13-15 | 16-18 | 19-21 || total
-------------------------+-------+-------+-------+-------+-------+-------+-------++-------
Melee: Flail             |   101 |   181 |   274 |   157 |       |       |       ||   713
       Dire flail        |       |       |       |   465 |   477 |       |       ||   942
       Giant spiked club |       |       |       |    32 |       |       |    14 ||    46
       Great mace        |       |       |       |       |   886 |  1717 |   108 ||  2711
Invok: Heroism           |       |       |     4 |     7 |     6 |     3 |     1 ||    21
       Finesse           |       |       |       |     2 |     3 |     6 |     3 ||    14
 Abil: Dig               |       |     3 |     4 |    17 |    15 |     7 |    17 ||    63
Evoke: Wand              |       |       |    10 |     3 |     2 |     2 |    15 ||    32
       Lightning rod     |       |       |       |       |       |       |     6 ||     6
       Tin of tremorston |       |       |       |       |       |       |     2 ||     2
  Use: Scroll            |       |     4 |     7 |     9 |     6 |     4 |       ||    30
       Potion            |       |       |       |     2 |     2 |       |     9 ||    13
Armor: Scale mail        |     8 |       |       |       |       |       |       ||     8
       Chain mail        |    71 |   135 |    54 |   219 |   438 |       |       ||   917
       Plate armour      |       |       |    67 |    75 |       |       |       ||   142
       Crystal plate arm |       |       |       |       |   330 |  1864 |   162 ||  2356
Dodge: Dodged            |    45 |    88 |   101 |   203 |   225 |   349 |    39 ||  1050
Block: Buckler           |    28 |    50 |    60 |   102 |     8 |       |       ||   248
       Tower shield      |       |       |       |       |  1151 |  2245 |   102 ||  3498

Table legend: (Time is in decaauts)
 A = Elapsed time spent in this place.
 B = Non-inter-level travel time spent in this place.
 C = Inter-level travel time spent in this place.
 D = Time resting spent in this place.
 E = Time spent auto-exploring this place.
 F = Levels seen in this place.
 G = Mean time per level.
                   A        B        C        D        E       F      G
               +--------+--------+--------+--------+--------+-----+--------+
         Total |  34114 |  31746 |   2368 |   4320 |  18115 |  31 | 1100.5 |
       Dungeon |  14908 |  13972 |    936 |   1693 |   8966 |  15 |  993.9 |
          Lair |   7060 |   6380 |    680 |    613 |   3609 |   5 | 1412.0 |
        Shoals |   4557 |   4478 |     79 |   1086 |   1893 |   4 | 1139.2 |
   Spider Nest |   5602 |   5034 |    568 |    765 |   2608 |   4 | 1400.5 |
  Orcish Mines |   1644 |   1542 |    102 |    128 |    855 |   2 |  822.0 |
        Bailey |    340 |    340 |      0 |     35 |    182 |   1 |  340.0 |
               +--------+--------+--------+--------+--------+-----+--------+

Top non-repeatable levels by time:
  Lair:5: 1835 daAuts
     D:9: 1823 daAuts
Spider:2: 1823 daAuts
Shoals:2: 1743 daAuts
  Lair:3: 1532 daAuts
  Lair:2: 1482 daAuts
     D:4: 1452 daAuts
Spider:4: 1398 daAuts
Spider:3: 1384 daAuts
    D:13: 1232 daAuts
  Lair:1: 1212 daAuts
Shoals:1: 1168 daAuts
     D:5: 1109 daAuts
    D:14: 1055 daAuts
Shoals:3: 1054 daAuts
